 Dungeon Crawl Stone Soup version 0.30.1-4-g462c640d31 (webtiles) character file.

Game seed: 11233793338477743107

1606 MrPagan1517 the Cleaver (level 8, 0/68 (71) HPs)
             Began as a Hill Orc Fighter on Aug 28, 2023.
             Slain by a wight
             ... wielding a +3 halberd
              (2 damage)
             ... on level 7 of the Dungeon.
             The game lasted 00:09:58 (5121 turns).

MrPagan1517 the Cleaver (Hill Orc Fighter)          Turns: 5121, Time: 00:09:58

HP:   0/68 (71)     AC: 13    Str: 21    XL:     8   Next: 94%
MP:   8/8           EV:  6    Int:  8    God:
Gold: 303           SH:  4    Dex: 10    Spells: 7/7 levels left

rFire   . . .        n - +3 broad axe (elec)
rCold   . . .        c - +0 buckler
rNeg    . . .        v - +0 plate armour
rPois   +            (no helmet)
rElec   .            (no cloak)
rCorr   .            (no gloves)
SInv    .            (no boots)
Will    .....        (no amulet) Stlth
                     e - ring of poison resistance
HPRegen 0.31/turn    (no ring)
MPRegen 0.11/turn

%: no passive effects
@: lightly drained
A: no striking features
a: no special abilities


You were on level 7 of the Dungeon.
You visited 1 branch of the dungeon, and saw 7 of its levels.

You collected 303 gold pieces.

Inventory:

Hand Weapons
 a - a +2 war axe
 l - the +5 hand axe "Xynlahik" {heavy, rC+}
   (You found it on level 3 of the Dungeon)

   rC:        It protects you from cold.
 n - a +3 broad axe of electrocution (weapon)
Missiles
 q - a throwing net (quivered)
Armour
 b - a +0 scale mail
 c - a +0 buckler (worn)
 g - a +0 chain mail
 v - a +0 plate armour (worn)
Jewellery
 e - a ring of poison resistance (left hand)
 p - a ring of willpower
 t - an amulet of faith
Wands
 w - a wand of flame (7)
Scrolls
 k - a scroll of teleportation
 m - 2 scrolls of noise
Potions
 d - a potion of might
 f - a potion of lignification
 h - a potion of cancellation {unknown}
 i - 3 potions of curing
 j - a potion of flight {unknown}
 o - a potion of mutation {unknown}
 r - a potion of resistance {unknown}
 s - a potion of invisibility {unknown}
 u - a potion of degeneration {unknown}


   Skills:
 + Level 6.4 Fighting
 + Level 9.8 Axes
 + Level 7.1 Armour
 + Level 1.4 Dodging
 + Level 0.8 Stealth
 + Level 4.5 Shields


You had 7 spell levels left.
You didn't know any spells.
Your spell library contained the following spells:

 Spells                   Type           Power      Damage    Failure   Level
 Static Discharge         Conj/Air       0%         2-2/arc   100%        2
 Airstrike                Air            0%         2d(0-16)  100%        4
 Petrify                  Tmut/Erth      0%         N/A       100%        4
 Summon Lightning Spire   Summ/Air       0%         N/A       100%        4
 Metabolic Englaciation   Hex/Ice        0%         N/A       100%        5
 Statue Form              Tmut/Erth      0%         N/A       100%        6


Dungeon Overview and Level Annotations

Branches:
Dungeon (7/15)             Temple (0/1) D:4

Altars:
Ru
Vehumet

Shops:
D:7 (


Message History

You are too injured to fight recklessly!
You are too injured to fight recklessly!
You are too injured to fight recklessly!
You are too injured to fight recklessly!
You are too injured to fight recklessly!
You are too injured to fight recklessly!
You are too injured to fight recklessly!
Unknown command.
You hit the wight.
The wight is moderately damaged.
You hit the wight. Lightning courses through the wight!!
You destroy the wight!
The wight hits you but does no damage.
The wight hits you from afar with a +3 halberd.
The wight hits you but does no damage. x2
You slash the wight! Lightning courses through the wight!
You destroy the wight!
The wight hits you from afar with a +3 halberd.
Your life force feels restored.
The wight barely misses you.
Things that are here:
a +1 battleaxe; a +0 robe You hit the wight.
The wight is moderately damaged.
The wight hits you but does no damage.
You completely miss the wight.
The wight is moderately damaged.
You block the wight's attack.
You barely miss the wight.
The wight is moderately damaged.
The wight hits you with a +3 halberd!
* * * LOW HITPOINT WARNING * * *
You feel drained.
* * * LOW HITPOINT WARNING * * *
You barely miss the wight.
The wight is moderately damaged.
The wight hits you with a +3 halberd!
* * * LOW HITPOINT WARNING * * *
You feel drained.
You die...

#. ###....# ....#
#.#####....... .....
##.............
.....###...............
#...#.+...............
###...#.#>.............#
................#.#....#
.......z..#####...#....#
#....@)(+.....########
#....)..#............
#.......#.....#....###
#.......'.....+.......
+....####.....#.......
#.............#.......
...............#.......
...............#.....#.
....>................#.


You could see a wight.

Vanquished Creatures
  A sky beast (D:7)
  An orc warrior (D:7)
  An ice beast (D:6)
  2 ogres (D:5)
  A phantom (D:6)
  A bullfrog (D:7)
  A gnoll sergeant (D:6)
  3 wights (D:7)
  2 howler monkeys
  2 jellies
  A gnoll bouda (D:4)
  2 hounds
  5 orc priests
  2 iguanas
  Ijyb (D:5)
  3 orc wizards
  5 adders
  10 gnolls
  2 white imps
  An ufetubus (D:4)
  2 worms (D:3)
  17 orcs
  4 endoplasms
  6 giant cockroaches
  11 goblins
  9 hobgoblins
  12 jackals
  3 quokkas
  2 ball pythons
  2 bats
  7 frilled lizards
  3 kobolds
  3 rats
128 creatures vanquished.

Notes
Turn   | Place    | Note
-------+----------+-------------------------------------------
     0 | D:1      | MrPagan1517 the Hill Orc Fighter began the quest for the
                  | Orb.
     0 | D:1      | Reached XP level 1. HP: 19/19 MP: 1/1
    70 | D:1      | Reached XP level 2. HP: 27/27 MP: 2/2
   111 | D:1      | Found a faded altar of an unknown god.
   287 | D:1      | Reached skill level 3 in Axes
   718 | D:2      | Reached XP level 3. HP: 33/33 MP: 3/3
  1257 | D:2      | Reached skill level 4 in Axes
  1605 | D:3      | Reached XP level 4. HP: 40/40 MP: 4/4
  1611 | D:3      | Identified the +5 hand axe "Xynlahik" {heavy, rC+}
  2253 | D:4      | Found a staircase to the Ecumenical Temple.
  2424 | D:4      | Reached skill level 5 in Axes
  2424 | D:4      | Reached XP level 5. HP: 46/46 MP: 5/5
  2644 | D:4      | Reached XP level 6. HP: 25/53 MP: 6/6
  2645 | D:4      | Reached skill level 6 in Axes
  2956 | D:5      | Entered Level 5 of the Dungeon
  2983 | D:5      | Noticed Ijyb
  3010 | D:5      | Killed Ijyb
  3116 | D:5      | Reached skill level 5 in Armour
  3331 | D:5      | Reached XP level 7. HP: 57/60 MP: 7/7
  3629 | D:5      | Reached skill level 7 in Axes
  3655 | D:5      | Reached skill level 5 in Fighting
  3830 | D:5      | Found a radiant altar of Vehumet.
  4045 | D:6      | Reached skill level 1 in Dodging
  4073 | D:6      | Reached XP level 8. HP: 60/68 MP: 8/8
  4077 | D:6      | Reached skill level 8 in Axes
  4693 | D:6      | Identified a scroll of acquirement
  4693 | D:6      | Acquired a +3 broad axe of electrocution
  4777 | D:7      | Reached skill level 9 in Axes
  4906 | D:7      | Found Caita's Antique Weapon Shop.
  5029 | D:7      | Found a sacrificial altar of Ru.
  5121 | D:7      | HP: 2/70 [wight/+3 halberd (13)]
  5121 | D:7      | Slain by a wight

Illustrated notes

Levels and vault maps discovered:
D:1:      dpeg_arrival_leaves_temple_mockup, layout_rooms,
          shapermc_ecumenical_altar_mp_urbaneastern,
          minmay_misc_feat_secret_circle, serial_park_tiny_1,
          minmay_misc_feat_iff, skrybe_limestone_x, moated_statue,
          kennysheep_nondescript, ebering_dispersal_statue_hall, corner_web_ring
D:2:      cheibrodos_helix_gallery, layout_basic, minmay_misc_feat_ornament,
          guppyfry_early_orc_mine
D:3:      layout_basic, minmay_misc_feat_room, minmay_misc_feat_five,
          grunt_ministairs_9, nrook_mini_vaults
D:4:      layout_loops_ring, minmay_temple_entry_gardened_gates,
          hangedman_decor_riveting
D:5:      layout_cave_pods, nicolae_vehumet_altar_sigil, uniq_ijyb
D:6:      layout_basic
D:7:      layout_basic, kennysheep_mini, serial_shops, shop

Skill      XL: |  1  2  3  4  5  6  7  8 |
---------------+-------------------------+-----
Fighting       | 4 5 6 |  6.4
Axes           | 3 4 5 6 7 9 |  9.8
Armour         | 4 5 6 7 |  7.1
Shields        | 4 |  4.5
Dodging        | 1 |  1.4
Stealth        | |  0.8

Action                     |  1- 3 |  4- 6 |  7- 9 || total
---------------------------+-------+-------+-------++-------
  Melee: War axe           |    83 |       |       ||    83
         Hand axe          |       |    98 |    70 ||   168
         Broad axe         |       |       |    41 ||    41
    Use: Scroll            |     4 |     4 |     5 ||    13
 Armour: Scale mail        |    36 |       |       ||    36
         Chain mail        |     3 |    59 |    38 ||   100
         Plate armour      |       |       |    34 ||    34
  Dodge: Dodged            |    44 |    32 |    44 ||   120
  Block: Buckler           |    16 |    30 |    14 ||    60
